 Dungeon Crawl Stone Soup version 0.19.0-19-g8c6edcc (webtiles) character file.

18 Jannitor the Vexing (level 2, -8/19 HPs)
             Began as a Demonspawn Enchanter on Nov 14, 2016.
             Mangled by a gnoll
             ... wielding a +0 halberd
              (9 damage)
             ... on level 2 of the Dungeon.
             The game lasted 00:02:11 (1449 turns).

Jannitor the Vexing (Demonspawn Enchanter)          Turns: 1449, Time: 00:02:12

Health: -8/19      AC:  5    Str:  8    XL:     2   Next: 48%
Magic:  5/5        EV: 12    Int: 16    God:
Gold:   19         SH:  0    Dex: 13    Spells: 2 memorised, 2 levels left

rFire  . . .     SeeInvis .     a - +1 dagger
rCold  . . .     Gourm    .     b - +1 robe
rNeg   . . .     Faith    .     (no shield)
rPois  .         Spirit   .     (no helmet)
rElec  .         Reflect  .     (no cloak)
rCorr  .         Harm     .     i - +0 pair of gloves (curse)
MR     .....                    (no boots)
Stlth  ++........               (no amulet)
                                (no ring)
                                (no ring)

@: no status effects
A: rugged brown scales 1
a: no special abilities


You were on level 2 of the Dungeon.
You were not hungry.

You visited 1 branch of the dungeon, and saw 2 of its levels.

You collected 19 gold pieces.

Inventory:

Hand Weapons
 a - a +1 dagger (weapon)
Armour
 b - a +1 robe (worn)
 i - a cursed +0 pair of gloves (worn)
Jewellery
 h - a +3 ring of evasion {unknown}
Scrolls
 e - 2 scrolls of remove curse {unknown}
 f - 2 scrolls of identify {unknown}
 g - 2 scrolls of recharging {unknown}
Potions
 j - a potion of ambrosia {unknown}
 l - a potion of degeneration {unknown}
Books
 c - a book of Maledictions

   Spells                             Type                      Level
   a - Corona                         Hexes                        1
   b - Ensorcelled Hibernation        Hexes/Ice                    2
   c - Confuse                        Hexes                        3
   d - Tukima's Dance                 Hexes                        3
   e - Dazzling Spray                 Conjuration/Hexes            3
Comestibles
 d - a bread ration
 k - a slice of pizza
 m - a chunk of flesh


   Skills:
 + Level 1.2 Short Blades
 + Level 2.1 Dodging
 + Level 2.9 Stealth
 - Level 2.0 Spellcasting
 + Level 3.2 Hexes


You had 2 spell levels left.
You knew the following spells:

 Your Spells              Type           Power        Failure   Level  Hunger
a - Corona                Hex            ##.....      8%          1    #......
b - Ensorcelled Hibernat  Hex/Ice        #.....       17%         2    ###....


Dungeon Overview and Level Annotations

Branches:
Dungeon (2/15)

Altars:


Innate Abilities, Weirdness & Mutations

You are partially covered in rugged brown scales. (AC +1, +3% HP)


Message History

Okay, then.
Unknown command.
Unknown command.
Casting: Ensorcelled Hibernation
Confirm with . or Enter, or press ? or * to list all spells.
Aiming: Ensorcelled Hibernation
Press: ? - help, Shift-Dir - straight line, p - gnoll
Okay, then.
Unknown command.
A frilled lizard comes into view.
You miss the frilled lizard. The gnoll misses you.
The frilled lizard bites you but does no damage.
You barely miss the frilled lizard.
The gnoll hits you from afar with a halberd!
Ouch! That really hurt!
* * * LOW HITPOINT WARNING * * *
The frilled lizard barely misses you.
You barely miss the frilled lizard.
The gnoll hits you from afar with a halberd!
You die...

##.# #<##.###.### #.#
#.#...##.# #.#
#>.....#.# #.#
#........### #.#
##.....#.... #.#
######..†##.### #.#
#...........#
#.########.####...##.#
#g#.gg.@l...<.##.###.###
#.#.######.##.##.###....
#g#.# #.##.##........
#.#.# #.##.######....
#.g.# #.##.# #.##. ##..#
####.##.# #.##. #÷.#
#....##.# #.##. #..#
#.#####.# #.##. #..# #.#
#.# ###.##.


You could see 2 gnolls and a frilled lizard.

Vanquished Creatures
  A giant cockroach (D:2)
  A goblin (D:2)
  2 hobgoblins
  2 jackals
  A bat (D:2)
  A frilled lizard (D:1)
  7 kobolds
  3 rats
18 creatures vanquished.

Notes
Turn   | Place    | Note
-------+----------+-------------------------------------------
     0 | D:1      | Jannitor the Demonspawn Enchanter began the quest for the Orb.
     0 | D:1      | Reached XP level 1. HP: 13/13 MP: 3/3
   510 | D:1      | Reached skill level 1 in Short Blades
   766 | D:2      | Gained mutation: You are partially covered in rugged brown scales. (AC +1, +3% HP) [demonic ancestry]
   766 | D:2      | Reached XP level 2. HP: 10/19 MP: 5/5
   770 | D:2      | Learned a level 2 spell: Ensorcelled Hibernation
  1449 | D:2      | Mangled by a gnoll

Skill      XL: |  1 |
---------------+----+-----
Dodging        | 2 |  2.1
Short Blades   | 1 |  1.2
Stealth        | |  2.9
Spellcasting   | |  2.0
Hexes          | |  3.2

Action                   || total
-------------------------++-------
Melee: Dagger            ||    74
 Cast: Ensorcelled Hiber ||     5
 Stab: Sleeping          ||     6
  Eat: Chunk             ||     2
Armor: Robe              ||    17
Dodge: Dodged            ||    44
